 Dungeon Crawl Stone Soup version 0.20.1-1-g8b1a95d (webtiles) character file.

91 beigtais the Conjurer (level 4, -8/24 HPs)
             Began as a Deep Elf Conjurer on Aug 4, 2017.
             Mangled by ConstantReader's ghost (13 damage)
             ... on level 3 of the Dungeon.
             The game lasted 00:09:52 (1965 turns).

beigtais the Conjurer (Deep Elf Conjurer)           Turns: 1965, Time: 00:09:53

Health: -8/24      AC:  2    Str:  5    XL:     4   Next: 34%
Magic:  1/11       EV: 13    Int: 21    God:
Gold:   119        SH:  0    Dex: 15    Spells: 3/10 levels left

rFire    . . .     SeeInvis .   d - +0 dagger
rCold    . . .     Gourm    .   (no shield)
rNeg     . . .     Faith    .   e - +0 robe
rPois    .         Spirit   .   (no helmet)
rElec    .         Reflect  .   (no cloak)
rCorr    .         Harm     .   (no gloves)
MR       .....                  (no boots)
Stlth    ++........             (no amulet)
Regen    0.1/turn               j - ring of wizardry
MPRegen  0.2/turn               (no ring)

@: no status effects
A: no striking features
a: no special abilities


You were on level 3 of the Dungeon.
You were not hungry.

You visited 1 branch of the dungeon, and saw 3 of its levels.

You collected 119 gold pieces.

Inventory:

Hand Weapons
 d - a +0 dagger (weapon)
Missiles
 g - 25 stones (quivered)
Armour
 a - a +0 robe
 e - a +0 robe (worn)
Jewellery
 j - a ring of wizardry (left hand)
Scrolls
 i - a scroll of teleportation
 m - a scroll of identify
Potions
 h - 2 potions of curing
Books
 b - a book of Conjurations

   Spells                             Type                      Level
   a - Magic Dart                     Conjuration                  1
   b - Searing Ray                    Conjuration                  2
   c - Dazzling Spray                 Conjuration/Hexes            3
   d - Fulminant Prism                Conjuration/Hexes            4
   e - Force Lance                    Conjuration/Translocation    4
   f - Iskenderun's Mystic Blast      Conjuration                  4
Comestibles
 c - 2 bread rations


   Skills:
 * Level 0.8 Throwing
 * Level 2.8 Dodging
 * Level 3.2 Stealth
 * Level 3.8 Spellcasting
 * Level 5.5 Conjurations


You had 3 spell levels left.
You knew the following spells:

 Your Spells              Type           Power        Failure   Level  Hunger
a - Magic Dart            Conj           ####         1%          1    None
b - Searing Ray           Conj           ####..       1%          2    #......
c - Fulminant Prism       Conj/Hex       ###.......   16%         4    ####...


Dungeon Overview and Level Annotations

Branches:
Dungeon (3/15)

Altars:
Hepliaklqana

Annotations:
D:3 ConstantReader's ghost, weakling OgBe


Message History

ConstantReader's ghost closely misses you.
Casting: Magic Dart
Confirm with . or Enter, or press ? or * to list all spells.
Aiming: Searing Ray
Press: ? - help, Shift-Dir - straight line, f/p - ConstantReader's ghost
Aim: ConstantReader's ghost (heavily damaged)
The searing ray hits ConstantReader's ghost.
ConstantReader's ghost is severely damaged. (Press . to maintain the ray.) ConstantReader's ghost barely misses you.
The searing ray hits ConstantReader's ghost.
ConstantReader's ghost is severely damaged.
ConstantReader's ghost hits you!
Ouch! That really hurt!
Without enough magic to sustain it, your searing ray dissipates.
ConstantReader's ghost hits you!
* * * LOW HITPOINT WARNING * * *
ConstantReader's ghost hits you!
Ouch! That really hurt!
You die...

..... #.#
.....##.#
.<......
###.....#
........#
........# ##
......?.##.>.#
......W@....#
.†.?.....#.##
...........
.........###
.........#
#....##..#
#.... ...#
#...# #.##


You could see ConstantReader's ghost.

Vanquished Creatures
  5 adders (D:2)
  2 worms (D:2)
  2 dart slugs (D:1)
  An orc (D:3)
  2 giant cockroaches (D:1)
  3 goblins (D:1)
  6 hobgoblins
  5 bats
  4 frilled lizards
  5 kobolds
  5 rats
40 creatures vanquished.

Vanquished Creatures (others)
  A fulminant prism (D:3)
1 creature vanquished.

Grand Total: 41 creatures vanquished

Notes
Turn   | Place    | Note
-------+----------+-------------------------------------------
     0 | D:1      | beigtais the Deep Elf Conjurer began the quest for the Orb.
     0 | D:1      | Reached XP level 1. HP: 10/10 MP: 6/6
   313 | D:1      | Reached XP level 2. HP: 15/15 MP: 6/8
   317 | D:1      | Learned a level 2 spell: Searing Ray
   641 | D:1      | Reached skill level 5 in Conjurations
  1105 | D:2      | Reached XP level 3. HP: 17/19 MP: 7/9
  1582 | D:2      | Found a hazy altar of Hepliaklqana.
  1680 | D:2      | Reached XP level 4. HP: 24/24 MP: 7/11
  1686 | D:2      | Learned a level 4 spell: Fulminant Prism
  1956 | D:3      | Noticed ConstantReader's ghost (weakling OgBe)
  1965 | D:3      | Mangled by ConstantReader's ghost

Skill      XL: |  1  2  3 |
---------------+----------+-----
Conjurations   | 5 |  5.5
Stealth        | 3 |  3.2
Throwing       | |  0.8
Dodging        | |  2.8
Spellcasting   | |  3.8

Action                   |  1- 3 |  4- 6 || total
-------------------------+-------+-------++-------
Melee: Dagger            |     5 |     1 ||     6
 Cast: Magic Dart        |    66 |    12 ||    78
       Searing Ray       |     3 |     1 ||     4
       Fulminant Prism   |       |     1 ||     1
  Use: Scroll            |     8 |       ||     8
       Potion            |     2 |       ||     2
 Stab: Sleeping          |     3 |     1 ||     4
  Eat: Chunk             |     2 |     1 ||     3
Armor: Robe              |     3 |       ||     3
Dodge: Dodged            |     1 |     2 ||     3
